AoeStats
← randomciv

Hideout

503171740Analyzed
4v4 RM · 1mo ago on Aug 30, 2026· 96m 3s· 8 players
Game mode
Random Map
Map size
Large (8 player)
Population
200
Speed
Normal
Resources
Standard
Victory
Conquest
Starting age
Dark Age
Ending age
Imperial Age
RankedLock teamsTeams togetherTeam positionsShared explorationLock speedFull tech treeHidden civsTurbo modeCheats
Victory
Defeat
🇩🇪 Lithuanians · Germany
1750
+10
🇩🇪 Shu · Germany
1706
+12
🇺🇸 Mapuche · United States
1579
+17
🇩🇪 Turks · Germany
1572
+18
🇨🇭 Huns · Switzerland
1675
-17
🇹🇼 Tupi · Taiwan
1622
-15
🇦🇷 Cumans · Argentina
1614
-14
🇹🇷 Burgundians · Türkiye
1525
-10
DYS.K
11:42 Feudal Age
13:00 Double-Bit Axe
15:48 Castle Age
13:51 Horse Collar
15:31 Fletching
17:01 Bow Saw
16:41 Loom
17:51 Bodkin Arrow
18:17 Padded Archer Armor
19:13 Ballistics
23:15 Leather Archer Armor
25:14 Heavy Plow
26:28 Gold Mining
27:29 Wheelbarrow
29:02 Gold Shaft Mining
28:18 Stone Mining
28:58 Hand Cart
34:51 Imperial Age
33:04 Town Watch
35:39 Curare
36:18 Caciques
35:38 Elite Blackwood Archer
38:18 Two-Man Saw
38:08 Conscription
38:19 Bracer
41:53 Ring Archer Armor
43:13 Forging
45:16 Coinage
47:16 Banking
48:12 Caravan
50:51 Chemistry
52:54 Elite Skirmisher
55:15 Capped Ram
57:45 Siege Ram
59:07 Squires
65:49 Pikeman
66:15 Arson
68:18 Scale Mail Armor
68:53 Iron Casting
69:32 Halberdier
73:02 Treadmill Crane
73:18 Murder Holes
74:45 Caciques
74:01 Champi Runner
74:03 Elite Ibirapema Warrior
76:22 Onager
83:47 Chain Mail Armor
86:50 Champi Warrior
88:53 Plate Mail Armor
87:48 Elite Champi Warrior
Dwight
4:49 Loom
5:14 Double-Bit Axe
11:03 Feudal Age
15:04 Castle Age
14:08 Scale Barding Armor
19:24 Husbandry
23:42 Cavalier
29:38 Forging
31:24 Fletching
34:58 Bodkin Arrow
38:11 Bow Saw
43:53 Wheelbarrow
44:33 Pikeman
46:19 Squires
46:09 Horse Collar
50:30 Imperial Age
48:39 Scale Mail Armor
50:12 Chain Mail Armor
51:22 Iron Casting
52:13 Plate Mail Armor
53:35 Bracer
55:02 Hand Cart
54:33 Town Watch
55:50 Two-Man Saw
54:52 Heavy Plow
55:16 Halberdier
55:58 Padded Archer Armor
56:14 Elite Skirmisher
59:14 Ballistics
60:02 Capped Ram
61:51 Chemistry
61:39 Leather Archer Armor
63:10 Conscription
64:29 Caravan
68:05 Blast Furnace
69:21 Chain Barding Armor
70:41 Light Cavalry
72:05 Plate Barding Armor
74:10 Hussar
81:22 Crop Rotation
83:28 Arson
84:23 Paladin
94:35 Hoardings
Maelgwyn
10:32 Feudal Age
14:07 Castle Age
12:56 Double-Bit Axe
13:14 Horse Collar
14:33 Loom
18:26 Bow Saw
18:15 Fletching
23:13 Bodkin Arrow
24:03 Padded Archer Armor
24:48 Bloodlines
25:51 Leather Archer Armor
28:22 Ballistics
28:55 Wheelbarrow
28:25 Husbandry
28:34 Gold Mining
29:44 Thumb Ring
35:52 Imperial Age
35:52 Imperial Age
34:00 Heavy Plow
34:54 Gold Shaft Mining
34:38 Light Cavalry
35:24 Scale Barding Armor
36:40 Bracer
38:29 Hand Cart
38:29 Hand Cart
40:23 Two-Man Saw
39:23 Hussar
41:06 Chain Barding Armor
41:26 Caravan
42:23 Plate Barding Armor
42:54 Forging
45:48 Iron Casting
49:26 Blast Furnace
49:29 Cavalier
53:21 Coinage
54:06 Conscription
55:23 Chemistry
54:35 Masonry
56:19 Banking
56:12 Paladin
62:16 Marauders
61:37 Elite Tarkan
80:11 Capped Ram
81:27 Siege Ram
81:53 Elite Tarkan
83:14 Marauders
randomciv
5:45 Loom
8:26 Feudal Age
9:20 Double-Bit Axe
9:16 Horse Collar
19:57 Castle Age
18:41 Bloodlines
19:02 Gold Mining
20:05 Forging
20:00 Scale Barding Armor
20:50 Bow Saw
21:38 Wheelbarrow
23:06 Chain Barding Armor
29:38 Hand Cart
30:09 Heavy Plow
31:22 Gold Shaft Mining
32:35 Stone Mining
35:52 Imperial Age
36:01 Iron Casting
35:17 Fletching
36:10 Steppe Husbandry
35:35 Light Cavalry
36:01 Cavalier
37:19 Plate Barding Armor
37:13 Ballistics
37:33 Coinage
37:39 Conscription
37:01 Elite Skirmisher
37:47 Paladin
39:09 Thumb Ring
40:16 Blast Furnace
39:07 Fletching
39:19 Padded Archer Armor
40:21 Chemistry
40:16 Banking
40:54 Caravan
41:26 Bodkin Arrow
41:13 Hussar
43:24 Leather Archer Armor
45:32 Ring Archer Armor
45:21 Pikeman
46:01 Squires
46:02 Scale Mail Armor
46:47 Halberdier
49:10 Chain Mail Armor
57:31 Capped Ram
59:29 Two-Man Saw
58:32 Siege Ram
61:01 Plate Mail Armor
Chiro My Hero
8:48 Feudal Age
8:55 Champi Runner
10:18 Horse Collar
13:37 Double-Bit Axe
14:20 Loom
18:26 Wheelbarrow
21:00 Castle Age
19:37 Scale Mail Armor
20:27 Forging
20:04 Arson
20:41 Gold Mining
21:32 Champi Warrior
22:28 Chain Mail Armor
23:25 Bow Saw
27:54 Iron Casting
30:42 Hand Cart
30:58 Fletching
31:08 Padded Archer Armor
31:11 Elite Skirmisher
36:24 Imperial Age
34:21 Bodkin Arrow
35:33 Ballistics
35:34 Leather Archer Armor
36:57 Treadmill Crane
37:27 Masonry
38:55 Chemistry
39:18 Ring Archer Armor
40:05 Malon
42:27 Caravan
44:07 Conscription
44:00 Heavy Plow
44:36 Gold Shaft Mining
44:43 Elite Bolas Rider
50:18 Coinage
51:34 Banking
51:58 Crop Rotation
51:48 Butalmapu
56:06 Town Watch
57:02 Town Patrol
58:06 Plate Mail Armor
58:36 Blast Furnace
59:25 Masonry
63:18 Siege Engineers
63:44 Architecture
64:23 Treadmill Crane
64:39 Murder Holes
68:55 Elite Champi Warrior
68:58 Elite Kona
76:35 Bombard Tower
79:32 Arrowslits
85:09 Hoardings
84:04 Sappers
sHeoG0ratH
9:47 Feudal Age
10:25 Double-Bit Axe
12:57 Fletching
13:24 Horse Collar
16:31 Loom
19:47 Castle Age
18:09 Gold Mining
20:18 Padded Archer Armor
19:50 Crossbowman
20:50 Bodkin Arrow
26:58 Ballistics
28:40 Leather Archer Armor
28:32 Town Watch
32:16 Man-at-Arms
41:35 Imperial Age
39:19 Elite Skirmisher
40:04 Thumb Ring
42:19 Bracer
41:39 Arbalester
43:49 Chemistry
44:06 Ring Archer Armor
45:14 Wheelbarrow
44:51 Scale Mail Armor
45:02 Forging
44:36 Pikeman
45:16 Squires
50:35 Caravan
50:44 Elite Skirmisher
52:02 Halberdier
54:08 Chain Mail Armor
54:17 Conscription
59:58 Plate Mail Armor
62:50 Hand Cart
62:47 Arson
64:20 Coiled Serpent Array
66:32 Elite White Feather Guard
67:56 Bow Saw
67:47 Heavy Plow
72:05 Two-Man Saw
71:42 Capped Ram
74:11 Siege Ram
89:25 Bolt Magazine
Saint Martinique
10:33 Feudal Age
11:23 Double-Bit Axe
11:19 Horse Collar
14:48 Bloodlines
15:32 Forging
17:38 Wheelbarrow
20:55 Castle Age
20:33 Gold Mining
21:48 Bow Saw
21:40 Heavy Plow
21:51 Scale Barding Armor
22:27 Hand Cart
23:40 Chain Barding Armor
27:14 Husbandry
28:48 Iron Casting
30:52 Town Watch
37:01 Imperial Age
37:06 Capped Ram
37:16 Cavalier
38:33 Plate Barding Armor
40:34 Two-Man Saw
40:06 Crop Rotation
44:49 Squires
44:52 Scale Mail Armor
47:44 Town Patrol
48:27 Light Cavalry
49:48 Caravan
52:18 Stone Mining
53:01 Chain Mail Armor
52:39 Winged Hussar
56:14 Coinage
57:24 Guilds
59:39 Conscription
60:45 Elite Leitis
62:03 Hoardings
62:01 Paladin
65:04 Banking
64:41 Fletching
65:00 Hill Forts
67:08 Chemistry
66:29 Ballistics
66:20 Masonry
66:06 Murder Holes
77:28 Architecture
77:19 Bombard Tower
76:41 Treadmill Crane
82:37 Bodkin Arrow
82:56 Fortified Wall
84:47 Loom
Ritter der Kokosnuss
9:40 Feudal Age
10:22 Double-Bit Axe
13:29 Fletching
17:34 Loom
21:10 Castle Age
19:30 Gold Mining
19:50 Horse Collar
21:49 Bodkin Arrow
21:15 Crossbowman
23:33 Ballistics
23:55 Bow Saw
25:19 Thumb Ring
31:39 Imperial Age
31:01 Wheelbarrow
31:04 Heavy Plow
31:23 Husbandry
32:16 Padded Archer Armor
33:10 Bracer
33:42 Parthian Tactics
36:00 Leather Archer Armor
37:20 Ring Archer Armor
38:33 Heavy Cavalry Archer
41:15 Scale Barding Armor
42:03 Bloodlines
42:51 Chain Barding Armor
43:31 Caravan
44:22 Forging
46:04 Iron Casting
46:05 Heavy Camel Rider
52:54 Conscription
52:55 Sipahi
54:15 Gold Shaft Mining
55:00 Hand Cart
54:48 Scale Mail Armor
56:41 Plate Barding Armor
57:43 Coinage
56:46 Capped Ram
58:07 Fortified Wall
57:53 Murder Holes
58:08 Masonry
59:32 Siege Ram
60:17 Squires
60:02 Arson
61:18 Blast Furnace
60:11 Treadmill Crane
64:23 Arrowslits
64:29 Guard Tower
67:25 Guilds
70:58 Cavalier
74:25 Two-Man Saw
73:48 Artillery
74:28 Sappers
75:34 Hoardings
78:45 Elite Janissary
80:22 Town Watch
84:07 Guard Tower
84:37 Bombard Tower
84:48 Architecture
90:44 Keep
Connection lost

Rejoining the realm…

Still unreachable

The connection could not be restored.

Session expired

The server has moved on; the page needs a fresh start.